 Dungeon Crawl Stone Soup version 0.30-a0-595-g91969c0fa5 (webtiles) character file.

Game seed: 5180489458270325185

79 Leeroy the Ruffian (level 4, 0/35 HPs)
             Began as a Draconian Transmuter on Jan 6, 2023.
             Slain by a ball python (1 damage)
             ... on level 3 of the Dungeon.
             The game lasted 00:02:04 (1952 turns).

Leeroy the Ruffian (Draconian Transmuter)           Turns: 1952, Time: 00:02:05

Health: 0/35       AC:  5    Str: 13    XL:     4   Next: 16%
Magic:  6/7        EV:  9    Int: 15    God:
Gold:   109        SH:  0    Dex: 11    Spells: 3/7 levels left

rFire   . . .      SeeInvis .      - Unarmed
rCold   . . .      Faith    .    (no shield)
rNeg    . . .      Spirit   .    (body armour unavailable)
rPois   .          Reflect  .    (helmet currently unavailable)
rElec   .          Harm     .    (no cloak)
rCorr   .          Rampage  .    (no gloves)
Will    .....                    (boots currently unavailable)
Stlth   +                        (no amulet)
HPRegen 0.25/turn                (no ring)
MPRegen 0.10/turn                (no ring)

@: appendages, constricted
A: horns 2, talons 2, AC +5, unfitting armour, cold-blooded
a: End Transformation


You were on level 3 of the Dungeon.
You had temporarily grown beastly horns and talons.
You visited 1 branch of the dungeon, and saw 3 of its levels.

You collected 109 gold pieces.

Inventory:

Jewellery
 j - a ring of ice
Scrolls
 b - a scroll of identify {unknown}
 c - 2 scrolls of blinking {unknown}
 d - a scroll of noise {unknown}
 e - a scroll of enchant weapon {unknown}
 f - 2 scrolls of immolation {unknown}
 k - a scroll of torment {unknown}
 l - a scroll of poison {unknown}
 m - a scroll of fog {unknown}
Potions
 a - a potion of lignification
 g - a potion of haste {unknown}
 h - 2 potions of degeneration {unknown}
 i - a potion of might {unknown}


   Skills:
 - Level 1.1 Fighting
 - Level 1.7 Dodging
 + Level 5.0 Unarmed Combat
 - Level 2.0 Spellcasting
 - Level 2.0 Transmutations


You had 3 spell levels left.
You knew the following spells:

 Your Spells              Type           Power      Damage    Failure   Level
a - Beastly Appendage     Tmut           14%        N/A       10%         1
b - Spider Form           Tmut/Pois      4%         N/A       41%         3

Your spell library contained the following spells:

 Spells                   Type           Power      Damage    Failure   Level
 Wereblood                Tmut           7%         N/A       14%         2
 Cigotuvi's Dreadful Rot  Necr/Pois/Air  2%         N/A       32%         2
 Poisonous Vapours        Pois/Air       2%         N/A       32%         2
 Kindle Blastsparks       Fire/Tloc/Air  2%         2d10      54%         3
 Mephitic Cloud           Conj/Pois/Air  1%         N/A       54%         3
 Ice Form                 Ice/Tmut       4%         N/A       82%         4
 Fulminant Prism          Conj/Hex       0%         3d5       91%         4
 Iskenderun's Mystic Bla  Conj/Tloc      1%         2d3       91%         4
 Lee's Rapid Deconstruct  Erth           0%         3d4*      99%         5


Dungeon Overview and Level Annotations

Branches:
Dungeon (3/15)

Altars:
Fedhas

Shops:
D:1 =

Portals:
Sewer: D:3


Innate Abilities, Weirdness & Mutations

You have temporarily grown beastly horns and talons.
Your plain brown scales are hard. (AC +5)
You cannot fit into any form of body armour.
You are cold-blooded and may be slowed by cold attacks.


Message History

The ball python hisses angrily.
You hit the ball python.
Your tail-slap misses the ball python.
The ball python is moderately wounded.
The ball python bites you. The ball python constricts you.
You hit the ball python.
You kill the ball python!
A worm comes into view.
Found a stone staircase leading up.
The worm bites you!
You barely miss the worm. Your kick misses the worm. You hit the worm.
You claw the worm.
The worm is heavily wounded.
The worm splashes around in the water.
You extend your transformation's duration.
The ball python bites you but does no damage.
The ball python grabs you. The ball python constricts you.
You hit the worm.
The worm is severely wounded.
You hear the slow rusting of a drain.
The worm bites you but does no damage.
The ball python bites you but does no damage.
The ball python constricts you.
You hit the worm. You claw the worm.
Your tail-slap misses the worm.
The worm is almost dead.
The ball python bites you. The ball python constricts you. The worm bites you.
You hit the orc but do no damage. Your kick misses the orc.
The orc hits you with a +0 flail. The ball python closely misses you.
The ball python constricts you.
You barely miss the orc. You headbutt the orc.
The orc is lightly wounded.
The orc splashes around in the water.
The ball python bites you but does no damage.
The ball python constricts you. The worm bites you!
* * * LOW HITPOINT WARNING * * *
You closely miss the orc. Your kick misses the orc.
Your tail-slap misses the orc.
The orc is lightly wounded.
The orc hits you with a +0 flail.
* * * LOW HITPOINT WARNING * * *
The ball python bites you.
You die...

#.##~≈~≈~##.<#
##.##.~~.....≈~..#
..##.~~.....~≈..# .
...#.~≈..∩..~w..#
###.♣.##....~~~....~~..#
...♣. ...#.~~.....≈~.
#... #..#.##~wSo≈# ...
#..#.##†~@~~##.#
#.##..#......~....#
#.#....#..####.######
#.#.#.###.## ..# #.#..##
##.. .## #...#.###.####
.##......#.###
...._..##......
.##............


You could see 2 worms, an orc and a ball python.

Vanquished Creatures
  4 adders (D:2)
  A river rat (D:3)
  A worm (D:2)
  A dart slug (D:1)
  3 endoplasms
  A giant cockroach (D:2)
  3 goblins
  3 hobgoblins (D:2)
  6 kobolds
  2 ball pythons
  3 bats (D:1)
  3 frilled lizards
  2 rats
33 creatures vanquished.

Notes
Turn   | Place    | Note
-------+----------+-------------------------------------------
     0 | D:1      | Leeroy the Draconian Transmuter began the quest for the
                  | Orb.
     0 | D:1      | Reached XP level 1. HP: 16/16 MP: 3/3
    93 | D:1      | Found Ripse's Jewellery Emporium.
   357 | D:1      | Found a faded altar of an unknown god.
   598 | D:1      | Reached XP level 2. HP: 23/23 MP: 3/5
  1019 | D:2      | Reached skill level 4 in Unarmed Combat
  1096 | D:2      | Reached XP level 3. HP: 28/28 MP: 6/6
  1452 | D:2      | Learned a level 3 spell: Spider Form
  1654 | D:2      | Reached XP level 4. HP: 30/35 MP: 7/7
  1912 | D:3      | Found a blossoming altar of Fedhas.
  1939 | D:3      | Reached skill level 5 in Unarmed Combat
  1939 | D:3      | Found a glowing drain.
  1952 | D:3      | HP: 1/35 [orc/+0 flail (2)]
  1952 | D:3      | Slain by a ball python

Illustrated notes

Levels and vault maps discovered:
D:1:      lightli_arrival_lavapool, layout_loops_corners,
          hellmonk_ecumenical_altar_pennies_from_heaven, serial_shops, shop
D:2:      layout_basic, kennysheep_generic_room_13
D:3:      layout_loops_ring, mainiacjoe_overflow_boulevard,
          gammafunk_ghost_cemetery, cheibrodos_sewer_entry_sluice

Skill      XL: |  1  2  3  4 |
---------------+-------------+-----
Unarmed Combat | 4 5 |  5.0
Fighting       | |  1.1
Dodging        | |  1.7
Spellcasting   | |  2.0
Transmutations | |  2.0

Action                   |  1- 3 |  4- 6 || total
-------------------------+-------+-------++-------
Melee: Unarmed           |   111 |    15 ||   126
       Headbutt          |     3 |     3 ||     6
       Punch             |     5 |       ||     5
       Tailslap          |    11 |       ||    11
       Kick              |     2 |     3 ||     5
 Cast: Beastly Appendage |     5 |     2 ||     7
 Stab: Sleeping          |     1 |       ||     1
Armor: Skin              |    47 |     4 ||    51
Dodge: Dodged            |    74 |     7 ||    81

Table legend: (Time is in decaauts)
 A = Elapsed time spent in this place.
 B = Non-inter-level travel time spent in this place.
 C = Inter-level travel time spent in this place.
 D = Time resting spent in this place.
 E = Time spent auto-exploring this place.
 F = Levels seen in this place.
 G = Mean time per level.
                   A        B        C        D        E       F      G
               +--------+--------+--------+--------+--------+-----+--------+
         Total |   1945 |   1874 |     71 |      0 |   1580 |   3 |  648.3 |
       Dungeon |   1945 |   1874 |     71 |      0 |   1580 |   3 |  648.3 |
               +--------+--------+--------+--------+--------+-----+--------+

Top non-repeatable levels by time:
     D:2: 999 daAuts
     D:1: 892 daAuts
     D:3: 53 daAuts
